 Dungeon Crawl Stone Soup version 0.20-a0-791-gf6451d4 (webtiles) character file.

60 Amciq the Chucker (level 3, -6/35 HPs)
             Began as a Troll Hunter on Mar 1, 2017.
             Mangled by a goblin
             ... wielding a +0 club
             ... led by Robin
              (7 damage)
             ... on level 2 of the Dungeon.
             The game lasted 00:04:38 (1018 turns).

Amciq the Chucker (Troll Hunter)                    Turns: 1018, Time: 00:04:38

Health: -6/35      AC:  5    Str: 20    XL:     3   Next: 82%
Magic:  2/2        EV: 10    Int:  7    God:
Gold:   93         SH:  0    Dex: 11    Spells: 2/2 levels left

rFire    . . .     SeeInvis .   a - +0 short sword
rCold    . . .     Gourm    +   b - +0 robe
rNeg     . . .     Faith    .   (no shield)
rPois    .         Spirit   .   (helmet restricted)
rElec    .         Reflect  .   (no cloak)
rCorr    .         Harm     .   (gloves unavailable)
MR       .....                  (boots unavailable)
Stlth    +.........             (no amulet)
Regen    0.6/turn               (no ring)
MPRegen  0.1/turn               (no ring)

@: very slightly contaminated, invisible
A: unfitting armour, claws 3, fast metabolism 3, gourmand, regeneration 1,
shaggy fur 1, tough skin 2
a: no special abilities


You were on level 2 of the Dungeon.
You were full.

You visited 1 branch of the dungeon, and saw 2 of its levels.

You collected 93 gold pieces.

Inventory:

Hand Weapons
 a - a +0 short sword (weapon)
Missiles
 c - 5 large rocks (quivered)
 d - 2 throwing nets
Armour
 b - a +0 robe (worn)
Wands
 o - a wand of iceblast (7/15)
Scrolls
 e - 5 scrolls of identify {unknown}
 g - 2 scrolls of immolation {unknown}
 h - a scroll of magic mapping {unknown}
 i - a scroll of fog {unknown}
 j - a scroll of blinking {unknown}
 k - a scroll of random uselessness {unknown}
 n - a scroll of teleportation {unknown}
Potions
 l - a potion of invisibility
 m - a potion of curing {unknown}
Comestibles
 f - 5 bread rations
 p - a royal jelly


   Skills:
 + Level 2.2 Fighting
 + Level 4.1 Throwing
 + Level 2.3 Dodging
 - Level 0.3 Stealth


You had 2 spell levels left.
You didn't know any spells.

Dungeon Overview and Level Annotations

Branches:
Dungeon (2/15)

Altars:
Cheibriados
Dithmenos
Ru

Annotations:
D:2 Robin


Innate Abilities, Weirdness & Mutations

You are too large for most types of armour.
You have claws for hands.
Your metabolism is lightning-fast.
You like to eat raw meat.
Your natural rate of healing is unusually fast.
You are covered in fur. (AC +1)
You have very tough skin. (AC +2)


Message History

* * * LOW HITPOINT WARNING * * *
You hit the goblin.
The goblin is moderately wounded.
Robin zaps a wand.
The puff of flame hits the hobgoblin.
The hobgoblin dies!
The goblin misses you.
You hit the goblin but do no damage.
The goblin is moderately wounded.
Robin hits you from afar with a spear.
* * * LOW HITPOINT WARNING * * *
The goblin closely misses you.
You miss the goblin.
The goblin is moderately wounded.
Robin closely misses you. The goblin hits you but does no damage.
You miss the goblin.
The goblin is moderately wounded.
Robin zaps a wand.
The puff of flame hits you!
* * * LOW HITPOINT WARNING * * *
The goblin hits you with a club!
You die...

.......)...## #..(..#
######....######.....#
##.........##....)..#
#..ยง...##.....#.....#
#..........####..>..#
###.))...###..###.....#
#.
#.g..gg######.........#
#. ###.#.##<#
#...#.####### #####.#
#...#.##@# ##.###.####
....#.. #.#.g.##g# #..#
#....#
.......##.#.####.# #.##
####.#### #.....#..gg#
#)# #.# #.....
#......#####.# #.#
###### #.....)..)...#
#.# # ####.g...#####.#
#.#
#.........##.))###.#
##..#..###.##.###...#


You could see Robin and 2 goblins.

Vanquished Creatures
  2 adders (D:2)
  A worm (D:2)
  A dart slug (D:2)
  A leopard gecko (D:2)
  A ball python (D:2)
  A bat (D:1)
  2 giant cockroaches (D:2)
  9 goblins
  2 hobgoblins (D:2)
  5 frilled lizards
  6 kobolds (D:2)
  4 rats
35 creatures vanquished.

Vanquished Creatures (others)
  A goblin (D:2)
  A hobgoblin (D:2)
2 creatures vanquished.

Grand Total: 37 creatures vanquished

Notes
Turn   | Place    | Note
-------+----------+-------------------------------------------
     0 | D:1      | Amciq the Troll Hunter began the quest for the Orb.
     0 | D:1      | Reached XP level 1. HP: 19/19 MP: 0/0
   590 | D:2      | Reached XP level 2. HP: 24/28 MP: 1/1
   820 | D:2      | Reached skill level 4 in Throwing
   820 | D:2      | Reached XP level 3. HP: 35/35 MP: 2/2
   829 | D:2      | Found a shadowy altar of Dithmenos.
   932 | D:2      | Found a snail-covered altar of Cheibriados.
   932 | D:2      | Found a sacrificial altar of Ru.
   955 | D:2      | Noticed Robin
  1018 | D:2      | HP: 1/35 [Robin/wand of flame (?/48) (9)]
  1018 | D:2      | Mangled by a goblin

Vault maps used:
D:1:      nicolae_arrival_memento_mori, wad_floor_pattern_2
D:2:      gammafunk_temple_overflow_pools, first_bread, grunt_dithmenos_smoke,
          uniq_robin

Skill      XL: |  1  2 |
---------------+-------+-----
Dodging        | 2 |  2.3
Fighting       | 2 |  2.2
Throwing       | 4 |  4.1
Stealth        | |  0.3

Action                   || total
-------------------------++-------
Melee: Short sword       ||   141
  Use: Potion            ||     1
 Stab: Invisible         ||     1
       Sleeping          ||     1
  Eat: Chunk             ||    11
Armor: Robe              ||    50
Dodge: Dodged            ||    84
